 Dungeon Crawl Stone Soup version 0.28-a0-1524-ge72afd5fc6 (webtiles) character file.

Game seed: 13070555604854985617

4083 sbbq2022 the Slicer (level 10, 0/53 HPs)
             Began as a Vine Stalker Fighter on Jan 17, 2022.
             Was a Believer of Uskayaw.
             Slain by Joseph (10 damage)
             ... on level 7 of the Dungeon.
             The game lasted 00:08:00 (6538 turns).

sbbq2022 the Slicer (Vine Stalker Fighter)          Turns: 6538, Time: 00:08:01

Health: 0/53       AC:  8    Str: 23    XL:     10   Next: 25%
Magic:  0/12       EV: 15    Int:  8    God:    Uskayaw [**....]
Gold:   197        SH:  5    Dex: 14    Spells: 9/9 levels left

rFire   . . .      SeeInvis .   a - +0 rapier
rCold   . . .      Faith    .   c - +0 buckler
rNeg    . . .      Spirit   +   u - +0 scale mail
rPois   .          Reflect  .   (no helmet)
rElec   .          Harm     .   l - +0 cloak
rCorr   .          Rampage  .   (no gloves)
Will    +....                   (no boots)
Stlth   ..........              (no amulet)
HPRegen 0.97/turn               j - +4 ring of evasion
MPRegen 0.13/turn               (no ring)

@: no status effects
A: fangs 3, regeneration 1, magic shield, antimagic bite, no potion heal 2
a: Renounce Religion, Stomp, Line Pass


You were on level 7 of the Dungeon.
You worshipped Uskayaw.
Uskayaw was noncommittal.
You visited 2 branches of the dungeon, and saw 8 of its levels.

You collected 337 gold pieces.
You spent 140 gold pieces at shops.

Inventory:

Hand Weapons
 a - a +0 rapier (weapon)
 b - a +0 dagger of venom
Armour
 c - a +0 buckler (worn)
 l - a +0 cloak (worn)
 u - a +0 scale mail (worn)
Jewellery
 j - a +4 ring of evasion (left hand)
Wands
 m - a wand of iceblast (14)
 r - a wand of mindburst (21)
 w - a wand of paralysis (5)
Scrolls
 e - a scroll of holy word {unknown}
 f - 12 scrolls of identify {unknown}
 n - 3 scrolls of teleportation
 o - a scroll of fear
 p - a scroll of magic mapping
 q - a scroll of amnesia {unknown}
 s - a scroll of vulnerability {unknown}
 t - a scroll of fog {unknown}
 x - a scroll of noise {unknown}
Potions
 d - a potion of might
 g - 2 potions of curing
 h - 2 potions of haste {unknown}
 i - a potion of lignification {unknown}
 k - a potion of resistance {unknown}
 v - a potion of brilliance {unknown}
 z - a potion of flight {unknown}


   Skills:
 + Level 6.2 Fighting
 * Level 8.3 Short Blades
 + Level 5.8 Armour
 + Level 5.1 Dodging
 - Level 4.0 Shields
 + Level 1.6 Invocations


You had 9 spell levels left.
You didn't know any spells.
Your spell library contained the following spells:

 Spells                   Type           Power      Damage    Failure   Level
 Sublimation of Blood     Necr           0%         N/A       90%         2
 Dazzling Flash           Conj/Hex       0%         N/A       99%         3
 Stone Arrow              Conj/Erth      0%         3d7       99%         3
 Animate Armour           Summ/Erth      0%         N/A       100%        4
 Iskenderun's Mystic Bla  Conj/Tloc      0%         2d3       100%        4
 Petrify                  Tmut/Erth      0%         N/A       100%        4
 Irradiate                Conj/Tmut      0%         3d13      100%        5
 Starburst                Conj/Fire      0%         6d3       100%        6
 Lehudib's Crystal Spear  Conj/Erth      0%         10d2      100%        8


Dungeon Overview and Level Annotations

Branches:
Dungeon (7/15)             Temple (1/1) D:6

Altars:
Ashenzari
Elyvilon
Fedhas
Gozag
Hepliaklqana
Kikubaaqudgha
Nemelex Xobeh
Okawaru
Qazlal
Ru
Sif Muna
Trog
Uskayaw
Vehumet
Yredelemnul
The Shining One

Shops:
D:3 =(??

Annotations:
D:5 1 runed translucent door, miscthings's ghost, amateur DgTm
D:7 Joseph


Innate Abilities, Weirdness & Mutations

You have razor-sharp teeth.
Your natural rate of healing is unusually fast.
When hurt, damage is shared between your health and your magic reserves.
Your bite disrupts and absorbs the magic of your enemies.
Potions cannot restore your health.


Message History

Joseph is heavily wounded.
Joseph hits you with a +0 quarterstaff!
You hit Joseph.
Joseph looks as sick as possible!
Joseph is heavily wounded.
Joseph hits you with a +0 quarterstaff!
You hit Joseph but do no damage.
Joseph looks as sick as possible!
Your bite misses Joseph.
Joseph is severely wounded.
You hit Joseph but do no damage.
Joseph looks as sick as possible!
Joseph is severely wounded.
Joseph misses you.
You hit Joseph but do no damage.
Joseph looks as sick as possible!
Joseph is severely wounded.
You hit Joseph but do no damage.
Joseph looks as sick as possible!
Your bite misses Joseph.
Joseph is severely wounded.
Joseph hits you with a +0 quarterstaff!
You are too injured to fight recklessly!
You are too injured to fight recklessly!
You are too injured to fight recklessly!
Your +0 dagger of venom stops dripping with poison.
a - a +0 rapier (weapon)
Joseph hits you with a +0 quarterstaff!
You hit Joseph. You bite Joseph. You drain his power.
You feel invigorated.
Joseph is severely wounded.
You closely miss Joseph. You bite Joseph. You drain his power.
You feel invigorated.
Joseph is almost dead.
Joseph hits you with a +0 quarterstaff!
* * * LOW HITPOINT WARNING * * *
Unknown command.
You barely miss Joseph.
Joseph is almost dead.
Joseph hits you with a +0 quarterstaff!
* * * LOW HITPOINT WARNING * * *
Unknown command.
You hit Joseph but do no damage.
Joseph is almost dead.
Joseph hits you with a +0 quarterstaff!
You die...

.. .......@.....#####.#
....#...................
.....#....##..#..#####..#
.......... #..#..#####..#
#......# #..#..##......
##......####..#..##.##..#
............>.#..##.##..#
........@................
.......#@##......##.##..#
#.....<.................
#.....#.##..............
#..##.#.##.............#
... .#..##.........##..#
....
.....##....#.........
....
.###..##....#.##.##..#
#..###
#..##....#.##.##..# #..#
#..##...#####.##..#


You could see Joseph (extremely poisoned).

Vanquished Creatures
  Maggie (D:6)
  Prince Ribbit (D:6)
  9 yaks
  Edmund (D:4)
  A water moccasin (D:7)
  A black bear (D:5)
  6 necrophages
  3 ogres
  2 phantoms
  Blork the orc (D:5)
  2 water moccasin zombies
  2 centaur zombies (D:6)
  A bullfrog zombie (D:5)
  3 hounds
  A centaur skeleton (D:7)
  A jelly (D:4)
  2 iguanas (D:5)
  An orc wizard (D:6)
  2 scorpion zombies
  A killer bee zombie (D:7)
  A hound zombie (D:4)
  A howler monkey zombie (D:6)
  Robin (D:4)
  8 adders
  A white imp (D:6)
  An ufetubus (D:6)
  An adder skeleton (D:4)
  A worm (D:3)
  3 dart slugs
  11 orcs
  8 ball pythons
  9 endoplasms
  4 giant cockroaches
  19 goblins
  6 hobgoblins
  2 jackals (D:1)
  4 kobolds
  2 quokkas (D:1)
  3 bats
  5 frilled lizards
  6 rats
  2 bushes (D:4)
141 creatures vanquished.

Vanquished Creatures (others)
  12 plants (D:4)
12 creatures vanquished.

Grand Total: 153 creatures vanquished

Notes
Turn   | Place    | Note
-------+----------+-------------------------------------------
     0 | D:1      | sbbq2022 the Vine Stalker Fighter began the quest for the
                  | Orb.
     0 | D:1      | Reached XP level 1. HP: 11/11 MP: 2/2
   387 | D:1      | Reached skill level 2 in Short Blades
   390 | D:1      | Reached XP level 2. HP: 9/16 MP: 3/3
  1153 | D:2      | Found a faded altar of an unknown god.
  1160 | D:2      | Reached XP level 3. HP: 19/19 MP: 4/4
  2143 | D:3      | Found a sacrificial altar of Ru.
  2204 | D:3      | Found Nuomi's Jewellery Emporium.
  2302 | D:3      | Gained mutation: Your natural rate of healing is unusually
                  | fast. [Vine Stalker growth]
  2302 | D:3      | Reached XP level 4. HP: 24/24 MP: 5/5
  2325 | D:3      | Found Eluom's Magic Scroll Shoppe.
  2334 | D:3      | Bought a scroll of teleportation for 42 gold pieces
  2436 | D:3      | Found Facedic's Weapon Emporium.
  2449 | D:3      | Found Jonirim's Magic Scroll Boutique.
  2458 | D:3      | Bought a scroll of fear for 49 gold pieces
  2458 | D:3      | Bought a scroll of magic mapping for 49 gold pieces
  2517 | D:3      | Reached skill level 1 in Dodging
  2696 | D:3      | Reached skill level 3 in Short Blades
  2696 | D:3      | Reached XP level 5. HP: 28/28 MP: 6/6
  2914 | D:4      | Found a shimmering blue altar of Sif Muna.
  2936 | D:4      | Noticed a yak
  2936 | D:4      | Noticed a yak
  2938 | D:4      | Noticed a yak
  2938 | D:4      | Noticed a yak
  2938 | D:4      | Noticed a yak
  2940 | D:4      | Noticed a yak
  2999 | D:3      | Killed a yak
  3000 | D:3      | Reached XP level 6. HP: 32/32 MP: 4/7
  3104 | D:3      | Killed a yak
  3105 | D:3      | Reached skill level 4 in Short Blades
  3142 | D:3      | Killed a yak
  3143 | D:3      | Reached XP level 7. HP: 24/37 MP: 2/8
  3183 | D:3      | Killed a yak
  3265 | D:3      | Killed a yak
  3266 | D:3      | Gained mutation: You have razor-sharp teeth. [Vine Stalker
                  | growth]
  3266 | D:3      | Reached XP level 8. HP: 42/42 MP: 7/9
  3421 | D:4      | Found a blossoming altar of Fedhas.
  3448 | D:4      | Reached skill level 5 in Short Blades
  3638 | D:4      | Noticed Robin
  3680 | D:4      | Killed Robin
  3775 | D:4      | Noticed Edmund
  3796 | D:4      | Killed Edmund
  4257 | D:4      | Reached skill level 6 in Short Blades
  4297 | D:4      | Killed a yak
  4298 | D:4      | Reached skill level 5 in Fighting
  4298 | D:4      | Reached XP level 9. HP: 40/47 MP: 10/10
  4328 | D:5      | Entered Level 5 of the Dungeon
  4527 | D:5      | Found a runed translucent door.
  4527 | D:5      | Noticed miscthings's ghost (amateur DgTm)
  4652 | D:5      | Found an iron altar of Okawaru.
  4695 | D:5      | Found a broken altar of Ashenzari.
  4704 | D:5      | Noticed Blork the orc
  4755 | D:5      | Reached skill level 5 in Armour
  4889 | D:5      | Reached skill level 7 in Short Blades
  5157 | D:5      | Killed Blork the orc
  5310 | D:6      | Found the +10 Black Knight's barding {ponderous, rPois rN+}
  5465 | D:6      | Noticed Maggie
  5492 | D:6      | Killed Maggie
  5556 | D:6      | Found a staircase to the Ecumenical Temple.
  5574 | Temple   | Entered the Ecumenical Temple
  5591 | Temple   | Became a worshipper of Uskayaw the Reveller
  5619 | D:6      | Reached * piety under Uskayaw
  5668 | D:6      | Reached ** piety under Uskayaw
  5846 | D:6      | Noticed Prince Ribbit
  5858 | D:6      | Reached *** piety under Uskayaw
  5859 | D:6      | Killed Prince Ribbit
  5860 | D:6      | Reached skill level 8 in Short Blades
  5860 | D:6      | Reached XP level 10. HP: 37/53 MP: 9/11
  5975 | D:6      | Reached skill level 1 in Invocations
  5978 | D:6      | Reached skill level 5 in Dodging
  5979 | D:6      | Reached **** piety under Uskayaw
  6307 | D:7      | Noticed Joseph
  6538 | D:7      | Slain by Joseph

Illustrated notes

Levels and vault maps discovered:
D:1:      minmay_arrival_up_and_down, layout_basic
D:2:      layout_basic, hellmonk_ecumenical_altar_arch_garden, minivault_4,
          minmay_puff
D:3:      minmay_razor_zed, layout_rooms, mainiacjoe_overflow_surrounded_room,
          serial_shops, shop, shop_fountains, shop, nicolae_shop_trees
D:4:      layout_loops_corners, mainiacjoe_overflow_alcove_2,
          fedhas_altar_decomposition, uniq_robin, uniq_edmund
D:5:      layout_basic, overflow_temple_1_default, kennysheep_mini,
          gammafunk_ghost_grave, uniq_blork_the_orc
D:6:      layout_basic, minmay_temple_entry_mini_moons, minmay_misc_feat_tower,
          kennysheep_generic_room_6, uniq_prince_ribbit1, uniq_maggie
D:7:      layout_basic, marbit_many_paths, tgw_xom,
          mainiacjoe_overflow_concentric_impassable, uniq_crazy_yiuf_cottage,
          uniq_joseph
Temple:   minmay_freezing_vapour_temple

Skill      XL: |  1  2  3  4  5  6  7  8  9 10 |
---------------+-------------------------------+-----
Short Blades   | 2 3 4 6 8 |  8.3
Shields        | 3 4 |  4.0
Fighting       | 3 4 5 6 |  6.2
Dodging        | 1 2 3 4 5 |  5.1
Armour         | 3 4 5 |  5.8
Invocations    | 1 |  1.6

Action                   |  1- 3 |  4- 6 |  7- 9 | 10-12 || total
-------------------------+-------+-------+-------+-------++-------
Melee: Rapier            |   104 |    99 |   182 |    27 ||   412
       Bite              |    16 |    31 |   143 |    29 ||   219
       Dagger            |       |       |   201 |    41 ||   242
 Stab: Paralysed         |       |       |     1 |     1 ||     2
Armor: Scale mail        |    34 |    22 |    85 |    11 ||   152
Dodge: Dodged            |    50 |    56 |   162 |    30 ||   298
Block: Buckler           |    21 |    15 |    62 |    12 ||   110

Table legend: (Time is in decaauts)
 A = Elapsed time spent in this place.
 B = Non-inter-level travel time spent in this place.
 C = Inter-level travel time spent in this place.
 D = Time resting spent in this place.
 E = Time spent auto-exploring this place.
 F = Levels seen in this place.
 G = Mean time per level.
                   A        B        C        D        E       F      G
               +--------+--------+--------+--------+--------+-----+--------+
         Total |   6469 |   6319 |    150 |    171 |   4722 |   8 |  808.6 |
       Dungeon |   6447 |   6301 |    146 |    171 |   4712 |   7 |  921.0 |
        Temple |     22 |     18 |      4 |      0 |     10 |   1 |   22.0 |
               +--------+--------+--------+--------+--------+-----+--------+

Top non-repeatable levels by time:
     D:4: 1207 daAuts
     D:1: 1159 daAuts
     D:6: 1032 daAuts
     D:3: 1008 daAuts
     D:2: 946 daAuts
     D:5: 850 daAuts
     D:7: 242 daAuts
  Temple: 22 daAuts
